 Dungeon Crawl Stone Soup version 0.25-a0-460-g4f2eb97ec1 (webtiles) character file.

Game seed: 17410754941039796167, levelgen mode: deterministic

72 Gargoyl the Skirmisher (level 4, -15/38 HPs)
             Began as a Centaur Abyssal Knight on Feb 3, 2020.
             Was a Believer of Lugonu.
             Demolished by an ogre
             ... wielding a +0 giant club
              (17 damage)
             ... on level 4 of the Dungeon.
             The game lasted 00:03:24 (2590 turns).

Gargoyl the Skirmisher (Centaur Abyssal Knight)     Turns: 2590, Time: 00:03:24

Health: -15/38     AC: 11    Str: 15    XL:     4   Next: 6%
Magic:  0/5        EV:  0    Int: 11    God:    Lugonu [**....]
Gold:   106        SH:  6    Dex:  9    Spells: 3/3 levels left

rFire    . . .     SeeInvis .   a - +2 hand axe
rCold    + . .     Gourm    .   o - +0 shield
rNeg     . . .     Faith    .   m - +0 plate armour
rPois    .         Spirit   +   (no helmet)
rElec    .         Reflect  .   b - scarf {Spirit}
rCorr    .         Harm     .   e - +2 pair of gloves
MR       .....                  (no barding)
Stlth    ..........             (no amulet)
HPRegen  0.12/turn              k - ring of protection from cold
MPRegen  0.09/turn              (no ring)

@: very quick
A: large, hooves 3, deformed body, speed 2, tough skin 3
a: Depart the Abyss, Bend Space, Renounce Religion


You were on level 4 of the Dungeon.
You worshipped Lugonu.
Lugonu was pleased with you.
You were hungry.

You visited 1 branch of the dungeon, and saw 4 of its levels.
You visited the Abyss 1 time.

You collected 106 gold pieces.

Inventory:

Hand Weapons
 a - a +2 hand axe (weapon)
 i - a +0 vorpal spear
Armour
 b - a scarf of spirit shield (worn)
 e - a +2 pair of gloves (worn)
 m - a +0 plate armour (worn)
 o - a +0 shield (worn)
Jewellery
 k - a ring of protection from cold (left hand)
Scrolls
 f - 7 scrolls of identify
 g - a scroll of remove curse
 p - a scroll of teleportation
 r - a scroll of enchant weapon
 t - a scroll of fear
Potions
 d - 3 potions of lignification {unknown}
 h - a potion of mutation {unknown}
 j - 2 potions of agility {unknown}
 l - a potion of might {unknown}
 n - a potion of berserk rage {unknown}
 q - a potion of flight {unknown}
 s - a potion of resistance
Comestibles
 c - 9 rations


   Skills:
 + Level 3.5 Fighting
 + Level 2.4 Axes
 * Level 1.8 Armour
 * Level 1.2 Dodging
 * Level 2.5 Invocations


You had 3 spell levels left.
You didn't know any spells.
Your spell library contained the following spells:

 Spells                   Type           Power        Failure   Level  Hunger
 Animate Skeleton         Necr           N/A          100%        1    ##.....
 Apportation              Tloc           #.....       100%        1    ##.....
 Corona                   Hex            #......      100%        1    ##.....
 Summon Small Mammal      Summ           #...         100%        1    ##.....


Dungeon Overview and Level Annotations

Branches:
Dungeon (4/15)
 Temple: D:4-7

Altars:
Dithmenos
Gozag
Makhleb
Okawaru


Innate Abilities, Weirdness & Mutations

You have hooves in place of feet.
Armour fits poorly on your strangely shaped body.
You cover ground very quickly.
You have extremely tough skin. (AC +3)


Message History

An ogre comes into view. It is wielding a +0 giant club.
The ogre shouts!
An ogre is nearby!
Found 8 javelins.
Found 6 gold pieces.
Found a stone staircase leading up.
Your shield and plate armour prevent you from hitting the ogre.
You kick the ogre.
The ogre is lightly wounded.
You block the ogre's attack.
You hit the ogre.
The ogre is moderately wounded.
The ogre hits you with a +0 giant club!!
You hit the ogre.
The ogre is heavily wounded.
The ogre hits you with a +0 giant club!!
* * * LOW HITPOINT WARNING * * *
You hit the ogre. You kick the ogre.
The ogre is severely wounded.
The ogre hits you with a +0 giant club!
You die...

###########
#.....<...#
....######.#
# #@#
#O.......
#........
.......$.
#........
(......<.
#........
#........


You could see an ogre.

Vanquished Creatures
  An adder (D:2)
  An ooze (D:1)
  3 leopard geckos (D:2)
  An orc (D:3)
  2 giant cockroaches
  3 goblins
  7 hobgoblins
  3 jackals (D:1)
  7 kobolds
  3 ball pythons
  8 bats
  2 frilled lizards (D:2)
  11 rats
52 creatures vanquished.

Notes
Turn   | Place    | Note
-------+----------+-------------------------------------------
     0 | Abyss:1  | Gargoyl the Centaur Abyssal Knight began the quest for the
                  | Orb.
     0 | Abyss:1  | Reached XP level 1. HP: 19/19 MP: 2/2
    23 | Abyss:1  | Noticed a profane servitor
    32 | D:1      | Escaped the Abyss
   159 | D:1      | Reached XP level 2. HP: 18/26 MP: 3/3
   163 | D:1      | Reached * piety under Lugonu
   413 | D:1      | Reached skill level 1 in Dodging
   928 | D:1      | Reached XP level 3. HP: 27/31 MP: 4/4
  1421 | D:2      | Reached ** piety under Lugonu
  1727 | D:2      | Found an opulent altar of Gozag.
  1732 | D:2      | Found an iron altar of Okawaru.
  1733 | D:2      | Found a burning altar of Makhleb.
  2015 | D:3      | Found a shadowy altar of Dithmenos.
  2023 | D:3      | Reached XP level 4. HP: 33/38 MP: 5/5
  2584 | D:4      | Noticed an ogre
  2590 | D:4      | Demolished by an ogre

Levels and vault maps discovered:
D:1:      kennysheep_arrival_forest, layout_rooms
D:2:      layout_loops_ring, minitemple
D:3:      layout_basic, marbit_many_paths
D:4:      layout_loops_ring, kennysheep_vampire_church, temple_hall,
          serial_rivers, chequers_serial_rivers_micro_e,
          chequers_serial_rivers_marsh, chequers_serial_rivers_micro_e,
          chequers_serial_rivers_room_b, chequers_serial_rivers_small_b,
          chequers_serial_rivers_marsh

Skill      XL: |  1  2 |
---------------+-------+-----
Axes           | 2 |  2.4
Dodging        | 1 |  1.2
Fighting       | |  3.5
Armour         | |  1.8
Invocations    | |  2.5

Action                   |  1- 3 |  4- 6 || total
-------------------------+-------+-------++-------
Melee: Hand axe          |   115 |    20 ||   135
       Kick              |    16 |     5 ||    21
Invok: Depart the Abyss  |     1 |       ||     1
  Use: Potion            |     1 |       ||     1
       Scroll            |    10 |     1 ||    11
  Eat: Chunk             |     2 |     1 ||     3
Armor: Leather armour    |    38 |       ||    38
       Ring mail         |    27 |       ||    27
       Plate armour      |       |    20 ||    20
Dodge: Dodged            |    64 |       ||    64
Block: Shield            |    12 |     6 ||    18

Table legend:
 A = Non-vault XP
 B = Vault XP
 C = Vault XP percentage of total XP
 D = Non-vault monster count
 E = Vault monster count
 F = Vault count percentage of total count
                 A         B        C        D         E       F
            +---------+---------+-------+---------+---------+-------
      Total |     101 |       2 |   1.9 |      51 |       1 |   1.9
            +---------+---------+-------+---------+---------+-------
        D:1 |      41 |       0 |   0.0 |      24 |       0 |   0.0
        D:2 |      51 |       0 |   0.0 |      22 |       0 |   0.0
        D:3 |       9 |       2 |  18.2 |       5 |       1 |  16.7
            +---------+---------+-------+---------+---------+-------
